| TOP OF THE 1ST |
|
Toledo Mud Hens batting - Pitching for Buffalo Bisons : RHP Taek-gyun Kym
|
|
Pitching: RHP Taek-gyun Kym
|
|
|
Batting: RHB Sam Saunders
|
0-0: Called Strike 0-1: Foul Ball, location: 2F 0-2: Strikes out swinging
|
|
Batting: RHB Willis Morales
|
0-0: Called Strike 0-1: Ball 1-1: Ball 2-1: Swinging Strike 2-2: Strikes out looking
|
|
Batting: RHB Michel Martineau
|
0-0: Foul Ball, location: 2F 0-1: Called Strike 0-2: Strikes out swinging
|
| Top of the 1st over - 0 runs, 0 hits, 0 errors, 0 left on base; Toledo 0 - Buffalo 0 |
| BOTTOM OF THE 1ST |
|
Buffalo Bisons batting - Pitching for Toledo Mud Hens : LHP Jesse Turner
|
|
Pitching: LHP Jesse Turner
|
|
|
Batting: RHB Alex Ramos
|
0-0: Foul Ball, location: 2F 0-1: SINGLE (Groundball, 6D, EV 103.8 MPH)
|
|
Batting: SHB Bran Stark
|
0-0: Ball Alex Ramos is caught stealing 2nd base 2-4 1-0: Foul Ball, location: 2F 1-1: Swinging Strike 1-2: Ball 2-2: Strikes out swinging
|
|
Batting: RHB Danny Miramontes
|
0-0: Foul Ball, location: 2F 0-1: Ball 1-1: Called Strike 1-2: SOLO HOME RUN (Flyball, 9LD, EV 95.0 MPH), Distance : 341 ft
|
|
Batting: LHB Isto Mäyrä
|
0-0: Ball 1-0: Ball 2-0: Called Strike 2-1: Foul Ball, location: 2F 2-2: Ground out 3-1 (Groundball, 34, EV 88.8 MPH)
|
| Bottom of the 1st over - 1 run, 2 hits, 0 errors, 0 left on base; Toledo 0 - Buffalo 1 |
| TOP OF THE 2ND |
|
Toledo Mud Hens batting - Pitching for Buffalo Bisons : RHP Taek-gyun Kym
|
|
Batting: RHB Trevor Mock
|
0-0: Ball 1-0: Ball 2-0: Called Strike 2-1: Foul Ball, location: 2F 2-2: Foul Ball, location: 2F 2-2: Strikes out looking
|
|
Batting: RHB Sergio Zamora
|
0-0: Ball 1-0: Ball 2-0: Ball 3-0: Base on Balls
|
|
Batting: RHB Tony Soto
|
0-0: Called Strike 0-1: Grounds into double play, 5-4-3 (Groundball, 56, EV 86.2 MPH)
|
| Top of the 2nd over - 0 runs, 0 hits, 0 errors, 0 left on base; Toledo 0 - Buffalo 1 |
| BOTTOM OF THE 2ND |
|
Buffalo Bisons batting - Pitching for Toledo Mud Hens : LHP Jesse Turner
|
|
Batting: RHB Zhi-bin Ou-yang
|
0-0: Ball 1-0: Ball 2-0: Foul Ball, location: 2F 2-1: Ground out 6-3 (Groundball, 6, EV 83.1 MPH)
|
|
Batting: RHB Leo Mair
|
0-0: Ball 1-0: Swinging Strike 1-1: SINGLE (Groundball, 23, EV 63.8 MPH) (infield hit)
|
|
Batting: RHB Danny Heyer
|
0-0: SINGLE (Groundball, 56D, EV 95.6 MPH) Leo Mair to second
|
|
Batting: LHB Jack Bell
|
0-0: Foul Ball, location: 2F 0-1: Fly out, F8 (Flyball, 78D, EV 94.4 MPH)
|
|
Batting: RHB Ben Zeiler
|
0-0: Called Strike 0-1: Fly out, F3 (Line Drive, 3, EV 70.0 MPH)
|
| Bottom of the 2nd over - 0 runs, 2 hits, 0 errors, 2 left on base; Toledo 0 - Buffalo 1 |
| TOP OF THE 3RD |
|
Toledo Mud Hens batting - Pitching for Buffalo Bisons : RHP Taek-gyun Kym
|
|
Batting: RHB Josh Lyon
|
0-0: Called Strike 0-1: Ball 1-1: Ball 2-1: Ball 3-1: Base on Balls
|
|
Batting: RHB Adam MacConnell
|
0-0: Fly out, F8 (Flyball, 89D, EV 81.2 MPH)
|
|
Batting: SHB Scott Bartholomew
|
0-0: Swinging Strike 0-1: Ball 1-1: Called Strike 1-2: Foul Ball, location: 2F 1-2: Fielders Choice at 2nd, 4-6 (Groundball, 4, EV 86.9 MPH)
|
|
Batting: RHB Sam Saunders
|
0-0: Called Strike 0-1: Foul Ball, location: 2F 0-2: Fly out, F2 (Popup, 2LF, EV 90.6 MPH)
|
| Top of the 3rd over - 0 runs, 0 hits, 0 errors, 1 left on base; Toledo 0 - Buffalo 1 |
| BOTTOM OF THE 3RD |
|
Buffalo Bisons batting - Pitching for Toledo Mud Hens : LHP Jesse Turner
|
|
Batting: RHB Alex Ramos
|
0-0: Called Strike 0-1: Ball 1-1: Hit by Pitch
|
|
Pinch Runner at 1st Dusty Thompson:
|
|
|
Batting: SHB Bran Stark
|
0-0: Called Strike 0-1: Ball 1-1: Grounds into double play, 6-4-3 (Groundball, 6, EV 103.1 MPH)
|
|
Batting: RHB Danny Miramontes
|
0-0: Ball 1-0: Foul Ball, location: 2F 1-1: Fly out, F8 (Flyball, 78D, EV 68.1 MPH)
|
| Bottom of the 3rd over - 0 runs, 0 hits, 0 errors, 0 left on base; Toledo 0 - Buffalo 1 |
| TOP OF THE 4TH |
|
Toledo Mud Hens batting - Pitching for Buffalo Bisons : RHP Taek-gyun Kym
|
|
Now at 1B: Dusty Thompson
|
|
|
Batting: RHB Willis Morales
|
0-0: Foul Ball, location: 2F 0-1: Ball 1-1: Ball 2-1: Foul Ball, location: 2F 2-2: Foul Ball, location: 2F 2-2: Strikes out swinging
|
|
Batting: RHB Michel Martineau
|
0-0: Called Strike 0-1: Ball 1-1: Called Strike 1-2: Foul Ball, location: 2F 1-2: Ball 2-2: Fly out, F7 (Flyball, 7S, EV 85.6 MPH)
|
|
Batting: RHB Trevor Mock
|
0-0: Ball 1-0: Called Strike 1-1: Called Strike 1-2: Strikes out swinging
|
| Top of the 4th over - 0 runs, 0 hits, 0 errors, 0 left on base; Toledo 0 - Buffalo 1 |
| BOTTOM OF THE 4TH |
|
Buffalo Bisons batting - Pitching for Toledo Mud Hens : LHP Jesse Turner
|
|
Batting: LHB Isto Mäyrä
|
0-0: Ball 1-0: Ground out 2-3 (Groundball, 2L, EV 68.1 MPH)
|
|
Batting: RHB Zhi-bin Ou-yang
|
0-0: Called Strike 0-1: Fly out, F8 (Line Drive, 78D, EV 92.5 MPH)
|
|
Batting: RHB Leo Mair
|
0-0: Ball 1-0: Called Strike 1-1: Foul Ball, location: 2F 1-2: Ball 2-2: Strikes out looking
|
| Bottom of the 4th over - 0 runs, 0 hits, 0 errors, 0 left on base; Toledo 0 - Buffalo 1 |
| TOP OF THE 5TH |
|
Toledo Mud Hens batting - Pitching for Buffalo Bisons : RHP Taek-gyun Kym
|
|
Batting: RHB Sergio Zamora
|
0-0: Ground out 5-3 (Groundball, 56S, EV 86.9 MPH)
|
|
Batting: RHB Tony Soto
|
0-0: Ball 1-0: Called Strike 1-1: Swinging Strike 1-2: Ball 2-2: Ground out 6-3 (Groundball, 6, EV 82.5 MPH)
|
|
Batting: RHB Josh Lyon
|
0-0: Ball 1-0: Foul Ball, location: 2F 1-1: Called Strike 1-2: Ground out 4-3 (Groundball, 4S, EV 80.0 MPH)
|
| Top of the 5th over - 0 runs, 0 hits, 0 errors, 0 left on base; Toledo 0 - Buffalo 1 |
| BOTTOM OF THE 5TH |
|
Buffalo Bisons batting - Pitching for Toledo Mud Hens : LHP Jesse Turner
|
|
Batting: RHB Danny Heyer
|
0-0: Fly out, F9 (Line Drive, 89M, EV 86.9 MPH)
|
|
Batting: LHB Jack Bell
|
0-0: Ball 1-0: Foul Ball, location: 2F 1-1: Swinging Strike 1-2: Foul Ball, location: 2F 1-2: SINGLE (Flyball, 6D, EV 90.0 MPH)
|
|
Batting: RHB Ben Zeiler
|
0-0: Ball 1-0: Ball 2-0: Called Strike 2-1: Foul Ball, location: 2F 2-2: Ball 3-2: Strikes out swinging
|
|
Batting: RHB Dusty Thompson
|
0-0: Ball 1-0: Ball 2-0: Called Strike 2-1: Ball 3-1: Foul Ball, location: 2F 3-2: Ground out 6-3 (Groundball, 6S, EV 76.2 MPH)
|
| Bottom of the 5th over - 0 runs, 1 hit, 0 errors, 1 left on base; Toledo 0 - Buffalo 1 |
| TOP OF THE 6TH |
|
Toledo Mud Hens batting - Pitching for Buffalo Bisons : RHP Taek-gyun Kym
|
|
Batting: RHB Adam MacConnell
|
0-0: Foul Ball, location: 2F 0-1: Swinging Strike 0-2: Ground out 5-3 (Groundball, 56, EV 85.0 MPH)
|
|
Batting: SHB Scott Bartholomew
|
0-0: Ball 1-0: Called Strike 1-1: Ball 2-1: Foul Ball, location: 2F 2-2: Fly out, F9 (Flyball, 89M, EV 83.8 MPH)
|
|
Batting: RHB Sam Saunders
|
0-0: Foul Ball, location: 2F 0-1: Foul Ball, location: 2F 0-2: Ball 1-2: Foul Ball, location: 2F 1-2: Ball 2-2: Strikes out swinging
|
| Top of the 6th over - 0 runs, 0 hits, 0 errors, 0 left on base; Toledo 0 - Buffalo 1 |
| BOTTOM OF THE 6TH |
|
Buffalo Bisons batting - Pitching for Toledo Mud Hens : LHP Jesse Turner
|
|
Batting: SHB Bran Stark
|
0-0: Ground out 5-3 (Groundball, 5, EV 88.1 MPH)
|
|
Batting: RHB Danny Miramontes
|
0-0: Swinging Strike 0-1: Ball 1-1: Ball 2-1: Ball 3-1: Base on Balls
|
|
Batting: LHB Isto Mäyrä
|
0-0: Foul Ball, location: 2F 0-1: SINGLE (Groundball, 34D, EV 96.2 MPH) Danny Miramontes to second Runner from 2nd tries for 3rd, SAFE, no throw by RF
|
|
Batting: RHB Zhi-bin Ou-yang
|
0-0: Ball Isto Mäyrä is caught stealing 2nd base 2-4 1-0: Ball 2-0: Ball 3-0: Called Strike 3-1: Ground out 4-3 (Groundball, 4, EV 85.6 MPH)
|
| Bottom of the 6th over - 0 runs, 1 hit, 0 errors, 1 left on base; Toledo 0 - Buffalo 1 |
| TOP OF THE 7TH |
|
Toledo Mud Hens batting - Pitching for Buffalo Bisons : RHP Taek-gyun Kym
|
|
Batting: RHB Willis Morales
|
0-0: Called Strike 0-1: Ball 1-1: Called Strike 1-2: Foul Ball, location: 2F 1-2: Ground out 6-3 (Groundball, 6, EV 93.1 MPH)
|
|
Batting: RHB Michel Martineau
|
0-0: Ball 1-0: Foul Ball, location: 2F 1-1: Fly out, F3 (Popup, 3, EV 83.8 MPH)
|
|
Batting: RHB Trevor Mock
|
0-0: SOLO HOME RUN (Flyball, 8LXD, EV 111.9 MPH), Distance : 419 ft
|
|
Batting: RHB Sergio Zamora
|
0-0: Called Strike 0-1: Hit by Pitch, AND HE CHARGES THE MOUND! The benches clear!
|
|
Pitching: RHP Luis Bautista
|
|
|
Pinch Runner at 1st Richello Badua:
|
|
|
Batting: RHB Tony Soto
|
0-0: Ball Richello Badua steals 2nd base 1-0: Called Strike 1-1: Ball 2-1: Ball 3-1: Base on Balls
|
|
Batting: RHB Josh Lyon
|
0-0: Ball 1-0: Called Strike 1-1: Called Strike 1-2: Strikes out looking
|
| Top of the 7th over - 1 run, 1 hit, 0 errors, 2 left on base; Toledo 1 - Buffalo 1 |
| BOTTOM OF THE 7TH |
|
Buffalo Bisons batting - Pitching for Toledo Mud Hens : LHP Jesse Turner
|
|
Now in RF: Richello Badua
|
|
|
Batting: RHB Leo Mair
|
0-0: Foul Ball, location: 2F 0-1: Ball 1-1: Fly out, F8 (Flyball, 89D, EV 105.6 MPH)
|
|
Batting: RHB Danny Heyer
|
0-0: Called Strike 0-1: Foul Ball, location: 2F 0-2: Foul Ball, location: 2F 0-2: Ball 1-2: Foul Ball, location: 2F 1-2: Foul Ball, location: 2F 1-2: Fly out, F8 (Flyball, 8RXD, EV 95.6 MPH)
|
|
Batting: LHB Jack Bell
|
0-0: Ball 1-0: Ball 2-0: Called Strike 2-1: SINGLE (Groundball, 13S, EV 68.1 MPH) (infield hit)
|
|
Pitching: RHP Ruben Arana
|
|
|
Batting: RHB Ben Zeiler
|
0-0: Ball 1-0: Ball 2-0: Ball 3-0: Base on Balls Jack Bell to second
|
|
Batting: RHB Dusty Thompson
|
0-0: Ball 1-0: Called Strike 1-1: Swinging Strike 1-2: Ball 2-2: Ball 3-2: Base on Balls Jack Bell to third Ben Zeiler to second
|
|
Batting: SHB Bran Stark
|
0-0: Foul Ball, location: 2F 0-1: Ball 1-1: Called Strike 1-2: SINGLE (Line Drive, 6D, EV 100.0 MPH) Jack Bell scores Ben Zeiler to third Dusty Thompson to second Runner from 3rd tries for Home, SAFE, throw by LF to home
|
|
Batting: RHB Danny Miramontes
|
0-0: Foul Ball, location: 2F 0-1: Ball 1-1: Foul Ball, location: 2F 1-2: Strikes out swinging
|
| Bottom of the 7th over - 2 runs, 2 hits, 0 errors, 2 left on base; Toledo 1 - Buffalo 3 |
| TOP OF THE 8TH |
|
Toledo Mud Hens batting - Pitching for Buffalo Bisons : RHP Luis Bautista
|
|
Batting: RHB Adam MacConnell
|
0-0: Called Strike 0-1: Ball 1-1: Fly out, F9 (Flyball, 9, EV 93.1 MPH)
|
|
Batting: SHB Scott Bartholomew
|
0-0: Ground out 6-3 (Groundball, 6, EV 102.5 MPH)
|
|
Batting: RHB Sam Saunders
|
0-0: Ball 1-0: Ball 2-0: Fly out, F7 (Flyball, 7D, EV 107.5 MPH)
|
| Top of the 8th over - 0 runs, 0 hits, 0 errors, 0 left on base; Toledo 1 - Buffalo 3 |
| BOTTOM OF THE 8TH |
|
Buffalo Bisons batting - Pitching for Toledo Mud Hens : RHP Ruben Arana
|
|
Batting: LHB Isto Mäyrä
|
0-0: Called Strike 0-1: SOLO HOME RUN (Line Drive, 89XD, EV 113.8 MPH), Distance : 410 ft
|
|
Batting: RHB Zhi-bin Ou-yang
|
0-0: Foul Ball, location: 2F 0-1: Swinging Strike 0-2: Ball 1-2: Fly out, F9 (Flyball, 89M, EV 94.4 MPH)
|
|
Batting: RHB Leo Mair
|
0-0: Ball 1-0: Foul Ball, location: 2F 1-1: Ball 2-1: Swinging Strike 2-2: Ball 3-2: Foul Ball, location: 2F 3-2: Base on Balls
|
|
Batting: RHB Danny Heyer
|
0-0: Ball 1-0: Ball 2-0: Fielders Choice at 2nd, 5-4 (Groundball, 56, EV 81.9 MPH)
|
|
Batting: LHB Jack Bell
|
0-0: Called Strike 0-1: DOUBLE (Line Drive, 78M, EV 110.0 MPH) Danny Heyer to third
|
|
Batting: RHB Ben Zeiler
|
0-0: Foul Ball, location: 2F 0-1: SINGLE (Flyball, 7LS, EV 91.9 MPH) Danny Heyer scores Jack Bell to third Runner from 3rd tries for Home, SAFE, throw by LF to home
|
|
Pitching: RHP Nate Mull
|
|
|
Batting: RHB Dusty Thompson
|
0-0: Ball 1-0: Called Strike 1-1: Ground out 5-3 (Groundball, 56S, EV 88.1 MPH)
|
| Bottom of the 8th over - 3 runs, 3 hits, 0 errors, 1 left on base; Toledo 1 - Buffalo 6 |
| TOP OF THE 9TH |
|
Toledo Mud Hens batting - Pitching for Buffalo Bisons : RHP Luis Bautista
|
|
Batting: RHB Willis Morales
|
0-0: Foul Ball, location: 2F 0-1: Swinging Strike 0-2: Ball 1-2: Ball 2-2: Ball 3-2: Fly out, F3 (Popup, 34, EV 66.2 MPH)
|
|
Batting: RHB Michel Martineau
|
0-0: Called Strike 0-1: Swinging Strike 0-2: Strikes out swinging
|
|
Batting: RHB Trevor Mock
|
0-0: Called Strike 0-1: Ground out 6-3 (Groundball, 6, EV 86.2 MPH)
|
| Top of the 9th over - 0 runs, 0 hits, 0 errors, 0 left on base; Toledo 1 - Buffalo 6 |
|